[Event "Titled Tuesday Blitz April 19 Early 2022"]
[White "Fedoseev, Vladimir"]
[Black "Shimanov, Aleksandr"]
[WhiteFideId "24130737"]
[BlackFideId "4198603"]
[WhiteElo "2726"]
[BlackElo "2636"]
[Result "1-0"]
[Round "06"]
[TimeControl "180+1"]
[Date "2022.04.19"]
[WhiteClock "0:00:15"]
[BlackClock "0:00:01"]

1. e4 d5 2. exd5 Qxd5 3. Nf3 Bg4 4. Be2 Nc6 5. h3 Bxf3 6. Bxf3 Qe6+ 7. Qe2 Nd4 8. Qxe6 Nxf3+ 9. gxf3 fxe6 10. d4 g6 11. Bf4 c6 12. Nd2 Bg7 13. c3 Nf6 14. O-O-O Nd5 15. Bg3 Kd7 16. Rhe1 Rhf8 17. Kc2 b6 18. Re4 Bh6 19. Nc4 Bg7 20. Be5 Bf6 21. Rde1 Rae8 22. Bg3 Bg7 23. f4 Nc7 24. Nd2 Bf6 25. Nf3 Rf7 26. Ng5 Bxg5 27. fxg5 Ref8 28. Kb3 Nd5 29. Rxe6 b5 30. a4 a6 31. axb5 axb5 32. R6e4 Ra8 33. h4 Rf5 34. Re5 Rxe5 35. Bxe5 Rf8 36. Bg3 Ra8 37. h5 Ra6 38. Kc2 Ra2 39. hxg6 hxg6 40. Be5 Ra8 41. f4 Ke6 42. Rh1 Kf5 43. Rh7 Ra1 44. Rf7+ Ke4 45. f5 gxf5 46. g6 Rg1 47. g7 Nf6 48. Rxe7 Nd5 49. Re8 Ne3+ 50. Kb3 1-0


[Site "https://www.chess.com"]

[Event "Titled Tuesday Blitz April 19 Early 2022"]
[White "Fernandez Siles, Luis"]
[Black "Le Ruyet, Leopold"]
[WhiteFideId "2209420"]
[BlackFideId "645923"]
[WhiteElo "2212"]
[BlackElo "2276"]
[Result "1-0"]
[Round "06"]
[TimeControl "180+1"]
[Date "2022.04.19"]
[WhiteClock "0:00:18"]
[BlackClock "0:00:08"]

1. d4 Nf6 2. c4 g6 3. Nc3 Bg7 4. e4 d6 5. Nf3 O-O 6. Be2 e5 7. O-O Bg4 8. dxe5 dxe5 9. Nxe5 Bxe2 10. Qxe2 Re8 11. Nf3 Nbd7 12. Rd1 c6 13. Bf4 Qb6 14. Rd2 Nc5 15. e5 Nfd7 16. Rad1 Nf8 17. Ne4 Nxe4 18. Qxe4 Ne6 19. b3 a5 20. Rd7 Nc5 21. Be3 Nxe4 22. Bxb6 Nc3 23. R1d2 a4 24. b4 Bxe5 25. Nxe5 Rxe5 26. Rd8+ Re8 27. Rxa8 Rxa8 28. Bd4 Ne4 29. Re2 Nd6 30. c5 Nb5 31. Bf6 h6 32. h4 Kh7 33. Re7 g5 34. h5 Kg8 35. Rxb7 Re8 36. Rb6 Na3 37. Rxc6 Nc2 38. Bc3 f5 39. b5 Kf7 40. b6 Rd8 41. Rxh6 1-0


[Site "https://www.chess.com"]

[Event "Titled Tuesday Blitz April 19 Early 2022"]
[White "Friedel, Tom"]
[Black "Baches Garcia, Guillermo"]
[WhiteFideId "2002108"]
[BlackFideId "2209764"]
[WhiteElo "2314"]
[BlackElo "2488"]
[Result "0-1"]
[Round "06"]
[TimeControl "180+1"]
[Date "2022.04.19"]
[WhiteClock "0:00:20"]
[BlackClock "0:00:24"]

1. e4 c5 2. Nf3 d6 3. c3 Nf6 4. Bd3 b6 5. Bc2 Bb7 6. Qe2 e5 7. O-O Be7 8. d4 Nbd7 9. Nbd2 O-O 10. Re1 Qc7 11. d5 a6 12. Nf1 b5 13. Ng3 g6 14. h4 h5 15. Ng5 Rfe8 16. Bd2 Bf8 17. Rf1 Bg7 18. a4 c4 19. f3 Nc5 20. axb5 axb5 21. Be3 Rxa1 22. Rxa1 Ra8 23. Rxa8+ Bxa8 24. Qf2 Nfd7 25. f4 exf4 26. Qxf4 Ne5 27. Bd4 Bb7 28. Nf1 Ncd3 29. Bxd3 Nxd3 30. Qd2 Bxd4+ 31. cxd4 Qb6 32. Nf3 b4 33. Ne3 Ba6 34. Kh2 Qa5 35. e5 Qd8 36. Ng5 dxe5 37. dxe5 Nxe5 38. d6 Nd3 39. Ne4 Qxh4+ 40. Kg1 Qxe4 41. d7 Qd4 0-1


[Site "https://www.chess.com"]

[Event "Titled Tuesday Blitz April 19 Early 2022"]
[White "Fromm, Marius"]
[Black "Kaasen, Tor Fredrik"]
[WhiteFideId "12993190"]
[BlackFideId "1516647"]
[WhiteElo "2498"]
[BlackElo "2335"]
[Result "1-0"]
[Round "06"]
[TimeControl "180+1"]
[Date "2022.04.19"]
[WhiteClock "0:00:18"]
[BlackClock "0:00:20"]

1. e4 c5 2. Nf3 d6 3. d4 cxd4 4. Nxd4 Nf6 5. Nc3 a6 6. g3 e5 7. Nde2 Be7 8. Bg2 O-O 9. O-O b5 10. Nd5 Nxd5 11. Qxd5 Ra7 12. Be3 Be6 13. Qd3 Rb7 14. b3 Nd7 15. Nc3 Nf6 16. a4 b4 17. Qxa6 Rc7 18. Na2 d5 19. Bb6 Qd6 20. Qb5 Rb7 21. a5 Bd7 22. Qe2 dxe4 23. Rfd1 Qc6 24. h3 Rc8 25. Rd2 h5 26. Rad1 Bc5 27. Bxc5 Qxc5 28. Bxe4 Ra7 29. a6 Bxh3 30. Rd8+ Ne8 31. Rxc8 Qxc8 32. Nxb4 Bg4 33. f3 Qc5+ 34. Qf2 Qxb4 35. Qxa7 Qc3 36. Qf2 f5 37. Bd5+ Kh7 38. fxg4 Nf6 39. Qxf5+ g6 40. Qxf6 Qxg3+ 41. Bg2 Qe3+ 42. Qf2 Qg5 43. gxh5 gxh5 44. a7 Qg4 45. Re1 h4 46. a8=Q h3 47. Qe4+ Qxe4 48. Bxe4+ 1-0


[Site "https://www.chess.com"]

[Event "Titled Tuesday Blitz April 19 Early 2022"]
[White "Gabdrakhmanov, Azat"]
[Black "Ocelak, Jakub"]
[WhiteFideId "34189197"]
[BlackFideId "23707933"]
[WhiteElo "2279"]
[BlackElo "2048"]
[Result "1-0"]
[Round "06"]
[TimeControl "180+1"]
[Date "2022.04.19"]
[WhiteClock "0:00:11"]
[BlackClock "0:00:02"]

1. e4 d5 2. exd5 Nf6 3. d4 Nxd5 4. Nf3 g6 5. Be2 Bg7 6. O-O O-O 7. Re1 Nc6 8. c3 Bg4 9. h3 Bxf3 10. Bxf3 h6 11. Nd2 e5 12. Qb3 Nf4 13. d5 Na5 14. Qa4 b6 15. Nf1 Qg5 16. Bxf4 exf4 17. Nd2 Rad8 18. Rad1 Nb7 19. Qxa7 Rb8 20. Ne4 Qd8 21. Qa4 Nd6 22. Nxd6 Qxd6 23. Qc6 Ra8 24. a3 Bf6 25. Re4 g5 26. Rc4 Qxc6 27. Rxc6 Be5 28. Rxh6 Rae8 29. h4 Kg7 30. hxg5 Rh8 31. Rxh8 Rxh8 32. Be4 Rh5 33. Bf3 Rxg5 34. Re1 Bd6 35. Re8 Re5 36. Rxe5 Bxe5 37. Kf1 Kf6 38. Be4 Ke7 39. Ke2 Kd6 40. Kd3 Kc5 41. Bf3 f5 42. a4 Bf6 43. b4+ Kd6 44. c4 Bb2 45. Bh5 Ba3 46. Kc3 Bc1 47. f3 Be3 48. Bf7 Ke5 49. Be6 Bd4+ 50. Kd3 Bf2 51. Bc8 Be1 52. c5 Bxb4 53. cxb6 cxb6 54. Kc4 1-0


[Site "https://www.chess.com"]

[Event "Titled Tuesday Blitz April 19 Early 2022"]
[White "Gharibyan, Mamikon"]
[Black "Buchenau, Frank"]
[WhiteFideId "13308300"]
[BlackFideId "4604350"]
[WhiteElo "2254"]
[BlackElo "2193"]
[Result "1-0"]
[Round "06"]
[TimeControl "180+1"]
[Date "2022.04.19"]
[WhiteClock "0:00:07"]
[BlackClock "0:00:08"]

1. c4 e5 2. Nc3 Nf6 3. g3 Bb4 4. Bg2 O-O 5. e4 Bxc3 6. dxc3 d6 7. b3 a5 8. Qc2 a4 9. Rb1 axb3 10. axb3 Be6 11. Nf3 h6 12. O-O Nbd7 13. Rd1 Nc5 14. Nd2 Qc8 15. Nf1 Bh3 16. f3 Bxg2 17. Qxg2 Qb8 18. Ne3 b5 19. b4 Ne6 20. Kh1 bxc4 21. Nxc4 Qb5 22. Ne3 Rfb8 23. Nf5 Qc4 24. Qc2 Ra2 25. Qd3 Qxd3 26. Rxd3 Kh7 27. Be3 Ng8 28. Bg1 g6 29. Ne3 Ne7 30. Rdd1 f5 31. h4 f4 32. Nd5 Nxd5 33. exd5 Ng7 34. g4 Ne8 35. Ra1 Rba8 36. Rxa2 Rxa2 37. c4 Nf6 38. c5 Rb2 39. Ra1 Nxd5 40. Ra7 dxc5 41. Bxc5 Kg8 42. g5 hxg5 43. hxg5 Kf7 44. Ra8 Ke6 45. Rf8 Ne3 46. Rf6+ Kd5 47. Rxg6 e4 48. Rf6 Rb1+ 49. Kh2 Nf1+ 50. Kg2 e3 51. g6 e2 52. Bf2 Ne3+ 53. Kh2 Rf1 54. Bh4 e1=Q 55. Bxe1 Rxe1 56. g7 Re2+ 57. Kh3 Re1 58. Kh2 Re2+ 59. Kh3 Rg2 60. Rf7 Ke6 61. Rxf4 Rxg7 62. Re4+ Kd5 63. Rxe3 Kc4 64. Re4+ Kc3 65. Rg4 Rh7+ 66. Kg3 Rd7 67. Re4 Rd4 68. Rxd4 Kxd4 69. f4 Kc4 70. f5 Kxb4 71. f6 c5 72. f7 c4 73. f8=Q+ Kb3 74. Kf2 c3 75. Qb8+ Kc2 76. Ke2 Kc1 77. Kd3 c2 78. Qb3 Kd1 79. Qxc2+ Ke1 80. Qe2# 1-0


[Site "https://www.chess.com"]

[Event "Titled Tuesday Blitz April 19 Early 2022"]
[White "Gorshtein, Ido"]
[Black "Ianov, Viktor"]
[WhiteFideId "2815532"]
[BlackFideId "14102730"]
[WhiteElo "2415"]
[BlackElo "2161"]
[Result "0-1"]
[Round "06"]
[TimeControl "180+1"]
[Date "2022.04.19"]
[WhiteClock "0:00:33"]
[BlackClock "0:01:37"]

1. Nf3 d6 2. d4 g6 3. e4 Bg7 4. c4 Nf6 5. Nc3 O-O 6. h3 e5 7. d5 Na6 8. Be3 Nc5 9. Nd2 a5 10. g4 c6 11. Be2 cxd5 12. cxd5 Bd7 13. a4 Ne8 14. h4 f5 15. exf5 gxf5 16. gxf5 Bxf5 17. Nc4 Rc8 18. Bg5 Bf6 19. Rg1 Kh8 20. Rg2 e4 21. Bxf6+ Qxf6 22. Ne3 Ng7 23. Nb5 Nd3+ 24. Bxd3 exd3 25. Qd2 Be4 26. Rg4 Rce8 27. Nc3 Bg6 28. Rg2 Nf5 29. O-O-O Nd4 30. Rxg6 Nb3+ 0-1


[Site "https://www.chess.com"]

[Event "Titled Tuesday Blitz April 19 Early 2022"]
[White "Goryachkina, Aleksandra"]
[Black "Indjic, Aleksandar"]
[WhiteFideId "4147103"]
[BlackFideId "911925"]
[WhiteElo "2426"]
[BlackElo "2616"]
[Result "0-1"]
[Round "06"]
[TimeControl "180+1"]
[Date "2022.04.19"]
[WhiteClock "0:00:02"]
[BlackClock "0:00:09"]

1. e4 c5 2. Nf3 d6 3. c3 Nf6 4. Be2 g6 5. O-O Bg7 6. Bb5+ Bd7 7. Bxd7+ Nbxd7 8. Re1 Ne5 9. Nxe5 dxe5 10. d3 O-O 11. Be3 b6 12. Na3 Qc7 13. Qb3 Rfd8 14. Rad1 Rd7 15. Nb5 Qc6 16. a4 Rad8 17. c4 a6 18. Na3 Rd6 19. f3 h5 20. Rd2 Kh7 21. Red1 Bh6 22. Bxh6 Kxh6 23. Nb1 h4 24. Nc3 e6 25. a5 bxa5 26. Qa3 Nh5 27. Na4 Rc8 28. Kf2 f5 29. b3 g5 30. Qb2 Rd4 31. Qc3 g4 32. fxg4 fxg4 33. Qxa5 g3+ 34. Kg1 Nf4 35. Qb6 Qe8 36. Nxc5 gxh2+ 37. Kxh2 Qg6 38. Nb7 Qg3+ 0-1


[Site "https://www.chess.com"]

[Event "Titled Tuesday Blitz April 19 Early 2022"]
[White "Gracia Alvarez, Gerardo Antonio"]
[Black "Samunenkov, Ihor"]
[WhiteFideId "5109124"]
[BlackFideId "14187086"]
[WhiteElo "2139"]
[BlackElo "2409"]
[Result "0-1"]
[Round "06"]
[TimeControl "180+1"]
[Date "2022.04.19"]
[WhiteClock "0:00:03"]
[BlackClock "0:00:06"]

1. c4 c5 2. Nc3 Nc6 3. g3 g6 4. Bg2 Bg7 5. e3 e6 6. Nge2 Nge7 7. O-O O-O 8. d4 cxd4 9. exd4 d5 10. cxd5 Nxd5 11. Nxd5 exd5 12. Qb3 Bg4 13. Nc3 Nxd4 14. Qxd5 Qf6 15. Bg5 Nf3+ 16. Bxf3 Qxf3 17. Qxf3 Bxf3 18. Rfe1 Rfe8 19. Re3 Rxe3 20. Bxe3 b6 21. Kf1 Rd8 22. Ke1 h5 23. h4 Be5 24. Rc1 Kg7 25. Ne2 Bxb2 26. Rc7 Ba3 27. Nd4 Bb4+ 28. Kf1 Bd5 29. Rxa7 Rc8 30. Ke2 b5 31. Bf4 Bc5 32. Be5+ Kg8 33. Rd7 Bxa2 34. Kf3 b4 35. Kf4 Bc4 36. Rb7 Bd5 37. Rd7 Bc4 38. Rb7 Bf8 39. Nc2 b3 40. Ne3 Be6 41. g4 hxg4 42. Nxg4 Rc4+ 43. Kg5 Rxg4+ 44. Kf6 Bg7+ 45. Ke7 Bxe5 46. Rb8+ 0-1


[Site "https://www.chess.com"]

[Event "Titled Tuesday Blitz April 19 Early 2022"]
[White "Grischuk, Alexander"]
[Black "Pranav, V"]
[WhiteFideId "4126025"]
[BlackFideId "25060783"]
[WhiteElo "2762"]
[BlackElo "2349"]
[Result "1/2-1/2"]
[Round "06"]
[TimeControl "180+1"]
[Date "2022.04.19"]
[WhiteClock "0:00:04"]
[BlackClock "0:00:03"]

1. d4 Nf6 2. c4 e6 3. Nc3 Bb4 4. e3 O-O 5. a3 Bxc3+ 6. bxc3 b6 7. Bd3 d6 8. e4 e5 9. Ne2 c5 10. d5 Nbd7 11. h4 Re8 12. f3 a6 13. a4 h5 14. Bg5 Nf8 15. Ng3 N8h7 16. Qd2 Qc7 17. Kf2 Bd7 18. Rhb1 Reb8 19. Bxf6 Nxf6 20. Qg5 b5 21. axb5 axb5 22. Rxa8 Rxa8 23. cxb5 c4 24. Be2 Rb8 25. Rb4 Bxb5 26. Nf5 Ne8 27. Qxh5 Qa7+ 28. Kg3 Qa1 29. Ne7+ Kf8 30. Nc6 Bxc6 31. Rxb8 Bd7 32. Kh2 Qxc3 33. Qg5 Qe1 34. Bxc4 f6 35. Qg3 Qc1 36. Bb5 Qc7 37. Rxe8+ Bxe8 38. Bxe8 Kxe8 39. Qg6+ Kf8 40. h5 Qc1 41. Qg4 Kg8 42. Qe6+ Kh7 43. Qf5+ Kh8 44. Qg4 Kh7 45. Qg3 Kh8 46. Qh4 Qh6 47. Qg4 Qc1 48. Kh3 Qh1+ 49. Kg3 Qe1+ 50. Kh2 Qc1 51. Qf5 Qh6 52. Qg6 Qc1 53. Kh3 Qh1+ 54. Kg3 Qc1 55. h6 Qf4+ 56. Kh3 gxh6 57. Qe8+ Kg7 58. Qe7+ Kg6 59. Qe8+ Kg7 60. Qd7+ Kg6 61. Qg4+ Qxg4+ 62. Kxg4 h5+ 63. Kh4 Kh6 64. g3 Kg6 65. g4 hxg4 66. fxg4 Kh6 67. Kh3 Kg5 68. Kg3 Kg6 69. Kh4 Kh6 70. Kh3 Kg6 71. Kh4 1/2-1/2


[Site "https://www.chess.com"]

[Event "Titled Tuesday Blitz April 19 Early 2022"]
[White "Gu, Xiaobing"]
[Black "Shohat, Yotam"]
[WhiteFideId "8602611"]
[BlackFideId "2813955"]
[WhiteElo "2174"]
[BlackElo "2119"]
[Result "1-0"]
[Round "06"]
[TimeControl "180+1"]
[Date "2022.04.19"]
[WhiteClock "0:00:09"]
[BlackClock "0:00:01"]

1. e4 c5 2. Nf3 Nc6 3. Bb5 Nf6 4. Bxc6 dxc6 5. d3 g6 6. Nc3 Bg7 7. h3 O-O 8. Be3 Nd7 9. Qd2 Re8 10. O-O e5 11. Nh2 b6 12. f4 exf4 13. Bxf4 Nf8 14. Rae1 Ne6 15. Bh6 Bh8 16. e5 Nd4 17. Ne4 Bf5 18. Bg5 Qc7 19. Nf6+ Kf8 20. Nxe8 Rxe8 21. Bf6 Bg7 22. Qg5 Nxc2 23. Bxg7+ Kxg7 24. Re2 Nd4 25. Ref2 Qxe5 26. Ng4 Qe7 27. Qh6+ Kg8 28. Kh2 Bxg4 29. Rxf7 Qe5+ 30. R1f4 Qxf4+ 31. Qxf4 Bf5 32. Qc7 Ne6 33. Qd7 Rd8 34. Qxa7 Rxd3 35. Rxh7 Rd8 36. Qf7# 1-0


[Site "https://www.chess.com"]

[Event "Titled Tuesday Blitz April 19 Early 2022"]
[White "Gubajdullin, Alexei"]
[Black "Martinez Alcantara, Jose Eduardo"]
[WhiteFideId "4141202"]
[BlackFideId "3805662"]
[WhiteElo "2266"]
[BlackElo "2690"]
[Result "1-0"]
[Round "06"]
[TimeControl "180+1"]
[Date "2022.04.19"]
[WhiteClock "0:00:13"]
[BlackClock "0:00:12"]

1. c4 c5 2. Nf3 Nc6 3. Nc3 g6 4. e4 Bg7 5. g3 d6 6. Bg2 Bg4 7. h3 Bxf3 8. Bxf3 e6 9. d3 Nge7 10. Bg2 O-O 11. O-O a6 12. Rb1 b5 13. a3 Rb8 14. cxb5 axb5 15. Ne2 c4 16. dxc4 bxc4 17. b4 d5 18. exd5 exd5 19. b5 Ne5 20. Bg5 Nd3 21. Nf4 f6 22. Nxd3 fxg5 23. Nc5 Qd6 24. Na6 Ra8 25. a4 Kh8 26. a5 Rfd8 27. Qa4 c3 28. Nb4 Qc7 29. b6 Qxb6 30. axb6 Rxa4 31. b7 Rb8 32. Nxd5 Nxd5 33. Bxd5 Rd4 34. Bg2 c2 35. Ra1 Be5 36. Ra8 Kg7 37. Bf3 Rd3 38. Kg2 Bb2 39. Rxb8 Rb3 40. Rc8 c1=Q 41. Rcxc1 Bxc1 42. Rxc1 g4 43. hxg4 Kh6 44. Rc8 Rb5 45. b8=Q Rxb8 46. Rxb8 Kg5 47. Rb7 h5 48. gxh5 gxh5 49. Rb5+ Kg6 50. Rxh5 1-0


[Site "https://www.chess.com"]

[Event "Titled Tuesday Blitz April 19 Early 2022"]
[White "Dronavalli, Harika"]
[Black "Lach, Aleksandra"]
[WhiteFideId "5015197"]
[BlackFideId "1134299"]
[WhiteElo "2382"]
[BlackElo "2172"]
[Result "0-1"]
[Round "06"]
[TimeControl "180+1"]
[Date "2022.04.19"]
[WhiteClock "0:00:24"]
[BlackClock "0:00:09"]

1. c4 f5 2. Nc3 Nf6 3. g3 g6 4. Bg2 Bg7 5. d3 d6 6. e4 fxe4 7. dxe4 O-O 8. Nge2 c5 9. O-O Nc6 10. h3 Be6 11. b3 Qd7 12. Kh2 Rab8 13. Be3 a6 14. a4 Ne8 15. Rc1 Nc7 16. f4 Kh8 17. Nd5 b5 18. axb5 axb5 19. e5 bxc4 20. bxc4 dxe5 21. Bxc5 Rbd8 22. Bb6 Rc8 23. Bxc7 Rxc7 24. Nxc7 Qxc7 25. Qa4 Nd4 26. Nxd4 exd4 27. c5 Rd8 28. Rfe1 Bf5 29. Red1 d3 30. c6 e5 31. g4 exf4 32. Kh1 Bc8 33. Qc4 f3 34. Bxf3 Qg3 35. Rxd3 Qxh3+ 36. Kg1 Qg3+ 37. Kf1 Qh3+ 38. Ke2 Qh2+ 39. Kd1 Qg1+ 40. Kc2 Qf2+ 41. Kb3 Qb2+ 42. Ka4 Rf8 43. Rcc3 Qa1+ 44. Ra3 Qb2 45. Rdb3 Qd2 46. Bd5 Qg5 47. Be6 Qe7 48. Bxc8 Rxc8 49. Rb7 Qd6 50. Rc3 Qd1+ 51. Kb5 Qb1+ 52. Qb3 Qe4 53. Rc5 Qd4 54. Rc4 Qd5+ 55. Rc5 Qxb3+ 56. Ka6 Qa3+ 57. Ra5 Qd3+ 58. Rab5 Rxc6+ 59. Ka7 Rc8 60. Rb8 Rg8 61. Rxg8+ Kxg8 62. Rb8+ Kf7 63. Rb7+ Kg8 64. Kb8 Bf8 65. Kc8 Qe4 66. Rd7 Qxg4 67. Kd8 Qxd7+ 68. Kxd7 h5 69. Ke6 h4 70. Kf6 h3 71. Kxg6 h2 0-1


[Site "https://www.chess.com"]

[Event "Titled Tuesday Blitz April 19 Early 2022"]
[White "Hirneise, Jens"]
[Black "Legenia, Artem"]
[WhiteFideId "24614734"]
[BlackFideId "14136945"]
[WhiteElo "2359"]
[BlackElo "1936"]
[Result "1-0"]
[Round "06"]
[TimeControl "180+1"]
[Date "2022.04.19"]
[WhiteClock "0:00:19"]
[BlackClock "0:00:25"]

1. d4 b6 2. Bf4 Bb7 3. Nc3 Nf6 4. f3 e6 5. e4 Bb4 6. Bd3 Bxc3+ 7. bxc3 d6 8. Ne2 a6 9. O-O Nbd7 10. Qd2 h6 11. a4 a5 12. Be3 e5 13. d5 O-O 14. f4 Ng4 15. f5 Nxe3 16. Qxe3 Qg5 17. Qf2 Nf6 18. h3 Nd7 19. Kh2 Nf6 20. Ng1 Nh5 21. Nf3 Qf4+ 22. g3 Nxg3 23. Qxg3 Qxg3+ 24. Kxg3 f6 25. Bb5 Kh7 26. Nh4 Rf7 27. Ng6 Kg8 28. Kf3 Kh7 29. Ke3 Kg8 30. Rg1 Kh7 31. Rg3 Kg8 32. Rag1 Kh7 33. c4 Rd8 34. Nh4 Kg8 35. Ng2 Kh7 36. Ne1 Kg8 37. Nd3 Kh7 38. Nc1 Kg8 39. Ne2 Kh7 40. Nc3 Kg8 41. Bc6 Ba6 42. Nb5 Bxb5 43. Bxb5 Kh7 44. Kf3 Kh8 45. Kg4 Kh7 46. Kh5 Re7 47. Bc6 Rf7 48. Rg6 Re7 49. Kg4 Rf7 50. Kf3 Re7 51. Ke3 Rf7 52. Kd3 Rb8 53. Rb1 Re7 54. c5 dxc5 55. Kc4 Rf7 56. d6 cxd6 57. Kd5 Rff8 58. Rbg1 Rf7 59. Kxd6 Rd8+ 60. Ke6 Rc7 61. Bb5 Rd4 62. R6g3 Rxe4 63. Rd3 Rd4 64. c3 Rxd3 65. Bxd3 Rd7 66. Kxd7 1-0


[Site "https://www.chess.com"]

[Event "Titled Tuesday Blitz April 19 Early 2022"]
[White "Hua, Lefong"]
[Black "Kovalenko, Igor"]
[WhiteFideId "2602253"]
[BlackFideId "14117908"]
[WhiteElo "2591"]
[BlackElo "2560"]
[Result "1-0"]
[Round "06"]
[TimeControl "180+1"]
[Date "2022.04.19"]
[WhiteClock "0:00:09"]
[BlackClock "0:00:18"]

1. d4 Nf6 2. c4 e6 3. Nc3 Bb4 4. f3 c5 5. d5 d6 6. e4 Bxc3+ 7. bxc3 h6 8. Ne2 b6 9. Nf4 e5 10. Ne2 Nbd7 11. Ng3 Nf8 12. Bd3 Ng6 13. O-O Nf4 14. Ne2 g5 15. g3 Nh3+ 16. Kg2 Rg8 17. Ng1 Qd7 18. Rb1 Nxg1 19. Kxg1 Qh3 20. Qe2 Bd7 21. Qg2 Qxg2+ 22. Kxg2 Ba4 23. Rf2 Ke7 24. Bc2 Bxc2 25. Rxc2 g4 26. Re2 h5 27. f4 Nd7 28. f5 Nf6 29. a4 Rab8 30. Bd2 Kd7 31. Rb2 Kc7 32. Rb1 Rb7 33. Bc1 a6 34. Kf1 Rg7 35. Bh6 Rg8 36. Bc1 Rgb8 37. Bg5 Nd7 38. Reb2 Rg8 39. Bh4 f6 40. Ke2 Kd8 41. a5 Ke7 42. h3 Rgb8 43. hxg4 hxg4 44. Kd3 Kf7 45. Rb3 b5 46. Kc2 Ke7 47. cxb5 axb5 48. a6 Rb6 49. a7 Ra8 50. Rxb5 Rxb5 51. Rxb5 Rxa7 52. c4 Kd8 53. Rb2 Kc7 54. Kb3 Kb6 55. Ra2 Rb7 56. Kc3 Kc7 57. Ra8 Rb1 58. Rg8 Rc1+ 59. Kd3 Rd1+ 60. Ke3 Rd4 61. Rxg4 Rxc4 62. Rg6 Rd4 63. Bxf6 Nxf6 64. Rxf6 c4 65. Rf7+ Kb6 66. Rd7 c3 67. Rxd6+ Kb5 68. Rc6 Kb4 69. f6 Rd1 70. f7 Rf1 71. Rc7 Kb3 72. d6 c2 73. Rxc2 Kxc2 74. d7 Re1+ 75. Kf2 Rxe4 76. f8=Q Rd4 77. d8=Q 1-0


[Site "https://www.chess.com"]

[Event "Titled Tuesday Blitz April 19 Early 2022"]
[White "Iljin, Timofey"]
[Black "Okike, David"]
[WhiteFideId "14110180"]
[BlackFideId "8500134"]
[WhiteElo "2396"]
[BlackElo "2232"]
[Result "0-1"]
[Round "06"]
[TimeControl "180+1"]
[Date "2022.04.19"]
[WhiteClock "0:00:07"]
[BlackClock "0:00:37"]

1. d4 Nf6 2. c4 e6 3. Nc3 d5 4. cxd5 exd5 5. Bg5 Be7 6. e3 O-O 7. Bd3 c6 8. Qc2 h6 9. Bh4 Nbd7 10. Nge2 a5 11. f3 Nb6 12. O-O Be6 13. Rad1 Nc8 14. e4 Nb6 15. e5 Nfd7 16. Bxe7 Qxe7 17. f4 f5 18. g4 g6 19. gxf5 Bxf5 20. Ng3 Bxd3 21. Qxd3 Qe6 22. f5 gxf5 23. Nxf5 Kh8 24. Kh1 Rg8 25. Qh3 Rg6 26. Ne2 Rf8 27. Neg3 Kh7 28. Rf4 c5 29. Rdf1 cxd4 30. Qh4 Qxe5 31. Nxd4 Rxf4 32. Rxf4 Qg5 33. Rf7+ Kg8 34. Qxg5 hxg5 35. Re7 Kf8 36. Ngf5 Rf6 37. Ne6+ Kg8 38. Re8+ Kf7 39. Re7+ Kg6 40. Nd6 Rf2 41. Rg7+ Kf6 42. Rf7+ Kxe6 43. Rxf2 Kxd6 44. Rf5 g4 45. Kg2 Ne5 46. Kg3 d4 47. Kf4 Nbd7 48. Ke4 d3 49. Ke3 Kd5 50. Rf4 b5 51. Rd4+ Kc5 52. Rf4 b4 53. b3 Kd5 54. Rd4+ Ke6 55. Rf4 Nf6 56. Rd4 Nd5+ 57. Ke4 Nc3+ 58. Ke3 Nxa2 59. Rd8 Nc1 60. Re8+ Kd6 61. Ra8 Nxb3 62. Ra6+ Kd5 63. Ra8 d2 64. Rd8+ Ke6 65. Ke2 Kf5 0-1


[Site "https://www.chess.com"]

[Event "Titled Tuesday Blitz April 19 Early 2022"]
[White "Ingebretsen, Jens E"]
[Black "Makarian, Rudik"]
[WhiteFideId "1522965"]
[BlackFideId "44105681"]
[WhiteElo "2072"]
[BlackElo "2388"]
[Result "0-1"]
[Round "06"]
[TimeControl "180+1"]
[Date "2022.04.19"]
[WhiteClock "0:00:08"]
[BlackClock "0:00:10"]

1. d4 Nf6 2. c4 e6 3. Nc3 Bb4 4. Bd2 c5 5. e3 cxd4 6. exd4 O-O 7. Nf3 d5 8. a3 Bxc3 9. Bxc3 b6 10. Bd3 dxc4 11. Bxc4 Bb7 12. O-O Nbd7 13. Qe2 Rc8 14. Bd3 h6 15. Rfe1 Nd5 16. Bd2 Re8 17. Rad1 Nf8 18. Bb1 Rc7 19. Ne5 Qh4 20. Be4 Nd7 21. Nf3 Qf6 22. Rc1 Rec8 23. Bb1 Nf4 24. Bxf4 Qxf4 25. Rxc7 Rxc7 26. Rd1 Bxf3 27. Qxf3 Qxf3 28. gxf3 Nf6 29. Be4 g6 30. Kf1 Kf8 31. Ke2 Ke7 32. Kd3 Kd6 33. b4 Nh5 34. Ra1 Nf4+ 35. Ke3 Nd5+ 36. Bxd5 Kxd5 37. a4 Rc3+ 38. Kf4 Rc4 39. a5 Rxd4+ 40. Ke3 Rxb4 41. axb6 axb6 42. Ra7 f5 43. Rd7+ Ke5 44. Rg7 Kf6 45. Rg8 g5 46. Rf8+ Ke5 47. Rh8 Rb3+ 48. Ke2 Rb2+ 49. Kf1 Kf4 50. Kg2 e5 51. Rxh6 b5 52. Rb6 b4 53. Rb8 g4 54. fxg4 Kxg4 55. Rg8+ Kf4 56. h4 e4 57. Re8 Rc2 58. h5 Kg5 59. Re5 b3 60. Rb5 b2 61. Kg3 Kh6 62. Kg2 f4 63. Kh3 Rxf2 64. Kg4 e3 65. Rb6+ Kh7 66. Kg5 Rg2+ 67. Kf5 e2 68. Rb7+ Kh6 69. Rxb2 e1=Q 70. Rxg2 f3 71. Rg6+ Kh7 72. Rg4 f2 73. Kg5 f1=Q 74. h6 Qe5+ 75. Kh4 Qh1# 0-1


[Site "https://www.chess.com"]

[Event "Titled Tuesday Blitz April 19 Early 2022"]
[White "Ismayil, Malak"]
[Black "Costachi, Mihnea"]
[WhiteFideId "13412604"]
[BlackFideId "1217518"]
[WhiteElo "1879"]
[BlackElo "2476"]
[Result "0-1"]
[Round "06"]
[TimeControl "180+1"]
[Date "2022.04.19"]
[WhiteClock "0:00:17"]
[BlackClock "0:02:04"]

1. e4 c5 2. Nf3 d6 3. d4 cxd4 4. Nxd4 Nf6 5. Nc3 Nc6 6. Bc4 e6 7. O-O a6 8. a3 Bd7 9. Be3 b5 10. Bb3 Be7 11. h3 O-O 12. f4 Rc8 13. Qd2 Na5 14. Rae1 Nc4 15. Bxc4 Rxc4 16. Qd3 Qa8 17. Bf2 Rfc8 18. Nb3 a5 19. Nd2 R4c7 20. Rc1 b4 21. axb4 axb4 22. Ne2 Bc6 23. Ng3 Qb7 24. Rfe1 Bb5 25. Qb3 d5 26. e5 Nd7 27. Nf3 Bc5 28. Nd4 Bc4 29. Qf3 Qb6 30. c3 bxc3 31. bxc3 Qb2 32. Rc2 Qa3 33. f5 Bxd4 34. Bxd4 Nc5 35. Bxc5 Qxc5+ 36. Kh2 Bb3 37. Rcc1 Qc4 38. f6 g6 39. Qe3 Qh4 40. Ne2 Rc4 41. Nd4 Ba4 42. Qf3 Qg5 43. Ne2 h5 44. Nd4 Rxd4 45. cxd4 Rxc1 46. Rxc1 Qxc1 0-1


[Site "https://www.chess.com"]

[Event "Titled Tuesday Blitz April 19 Early 2022"]
[White "Jaferian, Koosha"]
[Black "Buscar, Michael"]
[WhiteFideId "12507440"]
[BlackFideId "2603616"]
[WhiteElo "2030"]
[BlackElo "2010"]
[Result "0-1"]
[Round "06"]
[TimeControl "180+1"]
[Date "2022.04.19"]
[WhiteClock "0:00:05"]
[BlackClock "0:00:10"]

1. Nf3 b6 2. g3 Bb7 3. Bg2 e5 4. O-O d6 5. c4 Nd7 6. Nc3 g6 7. b3 Bg7 8. Bb2 Ne7 9. Ne1 Bxg2 10. Nxg2 O-O 11. e3 Nc5 12. d4 Ne6 13. dxe5 dxe5 14. Qc2 Nc6 15. Rad1 Qe7 16. Nd5 Qc5 17. Qc1 Rfd8 18. Rd2 b5 19. Rfd1 bxc4 20. bxc4 Rab8 21. Ba3 Qa5 22. Bb2 Ng5 23. Ne7+ Nxe7 24. Rxd8+ Rxd8 25. Rxd8+ Bf8 26. Qd1 Nc6 27. Rd5 Qxa2 28. Bxe5 Qxc4 29. Nf4 Qe4 30. Ba1 Nf3+ 31. Kf1 Nxh2+ 32. Kg1 Nf3+ 33. Kf1 Nb4 34. Rd8 Nc6 35. Rc8 Nh2+ 36. Kg1 Nf3+ 37. Kf1 h5 38. Ra8 h4 39. gxh4 Nxh4 40. Qg4 Qh1+ 41. Ke2 Qxa1 42. Qxh4 Qb2+ 43. Kf3 Ne5+ 44. Kg2 Qb7+ 45. Kh2 Nf3+ 46. Kg3 Nxh4 0-1


[Site "https://www.chess.com"]

[Event "Titled Tuesday Blitz April 19 Early 2022"]
[White "Jakubowska, Anna"]
[Black "Schekachikhin, Maksim"]
[WhiteFideId "1121952"]
[BlackFideId "24177830"]
[WhiteElo "1924"]
[BlackElo "2230"]
[Result "1/2-1/2"]
[Round "06"]
[TimeControl "180+1"]
[Date "2022.04.19"]
[WhiteClock "0:01:17"]
[BlackClock "0:01:14"]

1. e4 c5 2. Nc3 a6 3. g3 b5 4. Bg2 Bb7 5. Nge2 e6 6. O-O Nf6 7. d3 d5 8. exd5 Nxd5 9. Nf4 Nxc3 10. bxc3 Bxg2 11. Kxg2 Be7 12. Qf3 Nd7 13. h4 O-O 14. Nh3 Rc8 15. Bg5 Bxg5 16. Nxg5 Nf6 17. Rfe1 Qd5 18. a4 b4 19. c4 Qxf3+ 20. Nxf3 Nd7 21. Ne5 Rfd8 22. Nxd7 Rxd7 23. Re5 Kf8 24. Rae1 Ke7 25. f4 Kf6 26. g4 h6 27. f5 exf5 28. Rxf5+ Kg6 29. Ree5 Rdc7 30. Rd5 f6 31. g5 hxg5 32. hxg5 Rc6 33. gxf6 gxf6 34. Kf3 Kf7 35. Rh5 Ke6 1/2-1/2


[Site "https://www.chess.com"]